 Dungeon Crawl Stone Soup version 0.30-a0-860-g512cf1e979 (webtiles) character file.

Game seed: 2997987114948816671

431 AtlasWard the Trooper (level 6, -2/66 HPs)
             Began as an Ogre Gladiator on Mar 8, 2023.
             Killed from afar by an orc wizard (9 damage)
             ... with a puff of flame
             ... on level 4 of the Dungeon.
             The game lasted 00:08:54 (3165 turns).

AtlasWard the Trooper (Ogre Gladiator)              Turns: 3165, Time: 00:08:55

Health: -2/66      AC:  3    Str: 21    XL:     6   Next: 99%
Magic:  6/6        EV: 10    Int:  9    God:
Gold:   145        SH:  0    Dex: 10    Spells: 5/5 levels left

rFire   . . .      SeeInvis .    a - +0 whip
rCold   . . .      Faith    .    (no shield)
rNeg    . . .      Spirit   .    m - +0 robe
rPois   .          Reflect  .    c - +0 hat
rElec   .          Rampage  .    (no cloak)
rCorr   +                        (gloves unavailable)
Will    .....                    (boots unavailable)
Stlth   +                        (no amulet)
HPRegen 0.31/turn                w - ring of resist corrosion
MPRegen 0.10/turn                (no ring)

@: no status effects
A: large, unfitting armour, tough skin 1
a: no special abilities


You were on level 4 of the Dungeon.
You visited 1 branch of the dungeon, and saw 4 of its levels.

You collected 145 gold pieces.

Inventory:

Hand Weapons
 a - a +0 whip (weapon)
 b - a +2 sling of draining
 p - a +0 flail
Missiles
 d - 3 throwing nets (quivered)
 e - a large rock
 f - 42 stones
 o - 10 boomerangs
Armour
 c - a +0 hat (worn)
 m - a +0 robe (worn)
Jewellery
 w - a ring of resist corrosion (left hand)
Scrolls
 h - a scroll of identify {unknown}
 l - 2 scrolls of blinking {unknown}
 n - a scroll of amnesia {unknown}
 q - a scroll of enchant armour {unknown}
 r - a scroll of magic mapping {unknown}
 s - 2 scrolls of summoning
 v - a scroll of poison {unknown}
 y - a scroll of immolation {unknown}
Potions
 g - 5 potions of curing {unknown}
 i - a potion of brilliance {unknown}
 j - a potion of heal wounds {unknown}
 k - a potion of mutation {unknown}
 t - a potion of magic {unknown}
 u - a potion of lignification {unknown}
 x - a potion of resistance {unknown}
 z - a potion of flight {unknown}


   Skills:
 + Level 5.1 Fighting
 + Level 4.4 Maces & Flails
 + Level 3.9 Throwing
 - Level 4.0 Dodging


You had 5 spell levels left.
You didn't know any spells.
Your spell library contained the following spells:

 Spells                   Type           Power      Damage    Failure   Level
 Magic Dart               Conj           0%         1d3       38%         1
 Necrotise                Necr           0%         1d4       38%         1
 Summon Small Mammal      Summ           0%         N/A       38%         1
 Call Imp                 Summ           0%         N/A       52%         2
 Searing Ray              Conj           0%         2d4       52%         2
 Call Canine Familiar     Summ           0%         N/A       77%         3
 Mephitic Cloud           Conj/Pois/Air  0%         N/A       77%         3
 Summon Guardian Golem    Hex/Summ       0%         N/A       77%         3
 Vampiric Draining        Necr           0%         2d6       77%         3
 Fulminant Prism          Conj/Hex       0%         3d5       99%         4
 Agony                    Necr           0%         N/A       100%        5


Dungeon Overview and Level Annotations

Branches:
Dungeon (4/15)
 Temple: D:4-7

Altars:
Cheibriados
Dithmenos

Annotations:
D:3 exclusion: ogre


Innate Abilities, Weirdness & Mutations

You are too large for most types of armour.
You have tough skin. (AC +1)


Message History

The orc wizard misses you.
Unknown command.
a - a +0 whip (weapon)
The orc wizard hits you but does no damage.
You hit the orc wizard but do no damage.
The orc wizard is heavily wounded.
The orc wizard hits you with a +0 dagger.
* * * LOW HITPOINT WARNING * * *
You hit the orc wizard.
The orc wizard is severely wounded.
You closely miss the orc wizard.
The orc wizard is severely wounded.
The orc wizard points at you and mumbles some strange words.
The puff of flame misses you.
You closely miss the orc wizard.
The orc wizard is severely wounded.
The orc wizard barely misses you.
You barely miss the orc wizard.
The orc wizard is severely wounded.
The orc wizard hits you with a +0 dagger.
* * * LOW HITPOINT WARNING * * *
You miss the orc wizard.
The orc wizard is severely wounded.
The orc wizard hits you but does no damage.
You hit the orc wizard.
The orc wizard is almost dead.
The orc wizard hits you with a +0 dagger.
* * * LOW HITPOINT WARNING * * *
You barely miss the orc wizard.
The orc wizard is almost dead.
The orc wizard closely misses you.
You hit the orc wizard but do no damage.
The orc wizard is almost dead.
The orc wizard hits you with a +0 dagger.
* * * LOW HITPOINT WARNING * * *
You barely miss the orc wizard.
The orc wizard is almost dead.
The orc wizard casts a spell at you. The puff of flame hits you!
You die...

#.######...
#.# ..# ..
#.# #.# .
#.# ..# #.#
###### #.#
.....# #.#
###### #.#
#.# #@# #o#
#o# #w. #..
#... #...
#....


You could see an orc wizard (very drained), a dart slug and an orc.

Vanquished Creatures
  An orc priest (D:4)
  A hound (D:4)
  Terence (D:3)
  An iguana (D:4)
  8 adders
  A worm (D:3)
  3 dart slugs
  6 orcs
  5 ball pythons
  5 bats
  6 endoplasms
  3 giant cockroaches
  12 goblins
  10 hobgoblins
  7 quokkas
  4 frilled lizards
  10 kobolds
  7 rats
91 creatures vanquished.

Vanquished Creatures (collateral kills)
  A black bear (D:4)
  A scorpion (D:4)
2 creatures vanquished.

Grand Total: 93 creatures vanquished

Notes
Turn   | Place    | Note
-------+----------+-------------------------------------------
     0 | D:1      | AtlasWard the Ogre Gladiator began the quest for the Orb.
     0 | D:1      | Reached XP level 1. HP: 22/22 MP: 1/1
   113 | D:1      | Reached XP level 2. HP: 23/29 MP: 2/2
   123 | D:1      | Reached skill level 3 in Fighting
   325 | D:1      | Reached XP level 3. HP: 22/37 MP: 3/3
  1015 | D:2      | Reached XP level 4. HP: 34/45 MP: 4/4
  1561 | D:2      | Found a faded altar of an unknown god.
  1611 | D:2      | Reached XP level 5. HP: 52/54 MP: 5/5
  1815 | D:3      | Reached skill level 4 in Fighting
  1815 | D:3      | Noticed Terence
  1853 | D:3      | Killed Terence
  2038 | D:3      | Noticed an ogre
  2083 | D:3      | Found a shadowy altar of Dithmenos.
  2411 | D:4      | Noticed a black bear
  2586 | D:4      | Killed a black bear
  2587 | D:4      | Reached XP level 6. HP: 63/63 MP: 6/6
  2708 | D:4      | Found a snail-covered altar of Cheibriados.
  2987 | D:4      | Reached skill level 5 in Fighting
  3165 | D:4      | Killed from afar by an orc wizard

Illustrated notes

Levels and vault maps discovered:
D:1:      dpeg_arrival_chambers_temple_mockup, layout_basic,
          hangedman_abyss_or_decor_lesser_grid
D:2:      layout_basic, basic_ecumenical_altar, minmay_small_reverse_x
D:3:      layout_rooms, old_standard_altar, uniq_terence
D:4:      minmay_diamond_boxcup, layout_rooms, mainiacjoe_overflow_alcove_2,
          minivault_23, uniq_crazy_yiuf_cottage

Skill      XL: |  1  2  3  4  5  6 |
---------------+-------------------+-----
Fighting       | 3 4 5 |  5.1
Maces & Flails | 3 4 |  4.4
Dodging        | 3 4 |  4.0
Throwing       | 3 |  3.9

Action                     |  1- 3 |  4- 6 || total
---------------------------+-------+-------++-------
  Melee: Flail             |    45 |       ||    45
         Club              |    65 |       ||    65
         Whip              |     2 |   133 ||   135
         Punch             |       |     2 ||     2
   Fire: Sling             |    29 |   120 ||   149
    Use: Scroll            |       |     1 ||     1
 Armour: Robe              |    56 |    56 ||   112
  Dodge: Dodged            |    88 |   101 ||   189

Table legend: (Time is in decaauts)
 A = Elapsed time spent in this place.
 B = Non-inter-level travel time spent in this place.
 C = Inter-level travel time spent in this place.
 D = Time resting spent in this place.
 E = Time spent auto-exploring this place.
 F = Levels seen in this place.
 G = Mean time per level.
                   A        B        C        D        E       F      G
               +--------+--------+--------+--------+--------+-----+--------+
         Total |   3227 |   3110 |    117 |      0 |   2331 |   4 |  806.8 |
       Dungeon |   3227 |   3110 |    117 |      0 |   2331 |   4 |  806.8 |
               +--------+--------+--------+--------+--------+-----+--------+

Top non-repeatable levels by time:
     D:1: 892 daAuts
     D:2: 884 daAuts
     D:4: 755 daAuts
     D:3: 694 daAuts
